[Event "Titled Tuesday Blitz December 06 Early 2022"]
[White "Agasarov, Benik"]
[Black "Zhigalko, Sergei"]
[WhiteFideId "13314823"]
[BlackFideId "13502956"]
[WhiteElo "2179"]
[BlackElo "2662"]
[Result "1-0"]
[Round "03"]
[TimeControl "180+1"]
[Date "2022.12.06"]
[WhiteClock "0:00:41"]
[BlackClock "0:00:03"]

1. d4 Nf6 2. c4 e6 3. Nc3 Bb4 4. Nf3 b6 5. Bd2 O-O 6. g3 Bb7 7. Bg2 d6 8. O-O Nbd7 9. b3 a5 10. Re1 Re8 11. a3 Bxc3 12. Bxc3 h6 13. Bb2 Qb8 14. Rc1 Ra7 15. Nh4 Bxg2 16. Nxg2 b5 17. c5 Rd8 18. c6 Nb6 19. e4 d5 20. e5 Nh7 21. Rc5 Qa8 22. Qc2 a4 23. Rxb5 Ng5 24. Re3 Ra6 25. h4 Ne4 26. Kh2 axb3 27. Rexb3 Nc4 28. f3 Ned2 29. R3b4 Nxf3+ 30. Kh3 Rxc6 31. Qb3 Nfd2 32. Qd3 Ne4 33. Qb3 Nxb2 34. Rb8 Rxb8 35. Rxb8+ Qxb8 36. Qxb8+ Kh7 37. Qxb2 Rc3 38. Kh2 Rxg3 39. a4 Rf3 40. a5 Rf2 41. Qxf2 Nxf2 42. a6 c5 43. a7 cxd4 44. a8=Q d3 45. Qa2 Ne4 46. Ne3 d2 47. Nd1 g5 48. hxg5 hxg5 49. Qc2 Kh6 50. Kg2 g4 51. Nf2 d1=Q 52. Qxd1 Nxf2 53. Kxf2 Kg5 54. Kg3 Kf5 55. Qxg4+ Kxe5 56. Qf4# 1-0


[Site "https://www.chess.com"]

[Event "Titled Tuesday Blitz December 06 Early 2022"]
[White "Ahn, Hongjin"]
[Black "Quizon, Daniel"]
[WhiteFideId "13201492"]
[BlackFideId "5217911"]
[WhiteElo "2182"]
[BlackElo "2385"]
[Result "1-0"]
[Round "03"]
[TimeControl "180+1"]
[Date "2022.12.07"]
[WhiteClock "0:00:13"]
[BlackClock "0:00:56"]

1. e4 c5 2. Nf3 d6 3. d4 cxd4 4. Nxd4 Nf6 5. Nc3 a6 6. Bg5 e5 7. Nb3 Be6 8. h3 Be7 9. Qf3 Nbd7 10. O-O-O h6 11. Be3 Rc8 12. g4 b5 13. Nd5 Bxd5 14. exd5 Qc7 15. Rd2 e4 16. Qd1 Ne5 17. Kb1 Nc4 18. Bxc4 bxc4 19. Nd4 c3 20. Re2 cxb2 21. Nf5 O-O 22. g5 hxg5 23. Bxg5 Nxd5 24. Qxd5 Bxg5 25. Rg1 Qd8 26. Nxg7 Rc5 27. Qd4 Qe7 28. Nh5 Kh7 29. Qg7# 1-0


[Site "https://www.chess.com"]

[Event "Titled Tuesday Blitz December 06 Early 2022"]
[White "Alahakoon, Isuru"]
[Black "Tarlabasi, Emirhan"]
[WhiteFideId "9900993"]
[BlackFideId "6350275"]
[WhiteElo "2004"]
[BlackElo "2200"]
[Result "0-1"]
[Round "03"]
[TimeControl "180+1"]
[Date "2022.12.07"]
[WhiteClock "0:00:15"]
[BlackClock "0:01:02"]

1. Nf3 c5 2. c3 Nf6 3. d4 e6 4. Be3 Qb6 5. Qc2 Nc6 6. Nbd2 d5 7. dxc5 Bxc5 8. Bxc5 Qxc5 9. e4 d4 10. Nb3 Qb6 11. Nbxd4 Bd7 12. Bd3 O-O 13. e5 Ng4 14. Bxh7+ Kh8 15. Qe4 f5 16. exf6 Nxf6 17. Qh4 Nxd4 18. Bg6+ Kg8 19. Nxd4 Qxb2 20. O-O Qxc3 21. Rac1 Qb4 22. Rb1 Qa4 23. Rxb7 Rab8 24. Rc7 Rfc8 25. Rxc8+ Rxc8 26. h3 Rc4 27. Qg3 Rxd4 28. Qb8+ Be8 29. Rc1 Rd1+ 30. Rxd1 Qxd1+ 31. Kh2 Qd7 32. g4 Kf8 33. g5 Nd5 34. h4 Qc7+ 35. Kg2 Qxb8 0-1


[Site "https://www.chess.com"]

[Event "Titled Tuesday Blitz December 06 Early 2022"]
[White "Aldokhin, Ivan"]
[Black "Quinones Garcia, Santiago"]
[WhiteFideId "24115720"]
[BlackFideId "4408497"]
[WhiteElo "2313"]
[BlackElo "2249"]
[Result "1-0"]
[Round "03"]
[TimeControl "180+1"]
[Date "2022.12.07"]
[WhiteClock "0:00:45"]
[BlackClock "0:00:15"]

1. e4 c5 2. Nf3 g6 3. d4 cxd4 4. Nxd4 Nc6 5. Nc3 Bg7 6. Be3 Nf6 7. Bc4 O-O 8. Bb3 a5 9. f3 a4 10. Bxa4 Nxd4 11. Bxd4 d5 12. e5 Nd7 13. Bxd7 Qxd7 14. O-O Rd8 15. Qe1 Qc6 16. Rd1 Bf5 17. Rf2 b5 18. a3 Rab8 19. g4 Be6 20. Na2 Qb7 21. Nb4 Rdc8 22. h3 Rc4 23. c3 Rbc8 24. f4 Qd7 25. Qe3 f5 26. exf6 Bxf6 27. Nc2 Bxg4 28. hxg4 Qxg4+ 29. Kh2 Qxd1 30. Qe6+ Kg7 31. Qxe7+ Kh6 32. Bxf6 Qh5+ 33. Kg3 R8c7 34. Qf8+ 1-0


[Site "https://www.chess.com"]

[Event "Titled Tuesday Blitz December 06 Early 2022"]
[White "Alex_Sahakyan2006"]
[Black "Sztokbant, Bernardo Vainzoff"]
[BlackFideId "2115956"]
[WhiteElo "2336"]
[BlackElo "2222"]
[Result "1/2-1/2"]
[Round "03"]
[TimeControl "180+1"]
[Date "2022.12.07"]
[WhiteClock "0:01:02"]
[BlackClock "0:00:01"]

1. e4 c5 2. Nf3 Nc6 3. Bb5 e6 4. O-O Nge7 5. Re1 a6 6. Bf1 e5 7. b4 cxb4 8. a3 b3 9. cxb3 g6 10. Bb2 Bg7 11. d4 d6 12. dxe5 dxe5 13. Qxd8+ Kxd8 14. Nc3 Be6 15. Ng5 Bxb3 16. Nd5 Nxd5 17. Nxf7+ Ke7 18. exd5 Kxf7 19. dxc6 bxc6 20. Bxe5 Bxe5 21. Rxe5 Rhe8 22. Ra5 Re7 23. Rxa6 Rxa6 24. Bxa6 Ra7 25. Rb1 Rxa6 26. Rxb3 Ke6 27. Kf1 c5 28. Ke2 Kd5 29. Rb7 Rxa3 30. Rxh7 Ra2+ 31. Ke3 Ra3+ 32. Kf4 Ra2 33. Ke3 Ra3+ 34. Kf4 Ra2 35. Kg5 Rxf2 36. g4 c4 37. Kxg6 c3 38. Rc7 Kd4 39. h4 Kd3 40. h5 Rf4 41. Rxc3+ Kxc3 42. g5 Kd4 43. h6 Ke5 44. h7 Rh4 45. Kg7 Kf5 46. g6 Rh3 47. Kf7 Rh4 48. Kg7 Rh5 49. Kf7 Rh4 50. g7 Rxh7 51. Kf8 Rxg7 52. Kxg7 1/2-1/2


[Site "https://www.chess.com"]

[Event "Titled Tuesday Blitz December 06 Early 2022"]
[White "Aloma Vidal, Robert"]
[Black "Omariev, Maksim"]
[WhiteFideId "2260409"]
[BlackFideId "4193423"]
[WhiteElo "2435"]
[BlackElo "2447"]
[Result "0-1"]
[Round "03"]
[TimeControl "180+1"]
[Date "2022.12.07"]
[WhiteClock "0:00:10"]
[BlackClock "0:00:04"]

1. e4 c5 2. c3 Nf6 3. e5 Nd5 4. Nf3 e6 5. Bc4 Nb6 6. Bb3 c4 7. Bc2 g5 8. d4 cxd3 9. Qxd3 g4 10. Ng5 Nc6 11. Ne4 Nxe5 12. Qd4 Bg7 13. Nd6+ Kf8 14. Qc5 Qe7 15. O-O Nbc4 16. Rd1 Nxd6 17. Rxd6 Nc4 18. Qxc4 Qxd6 19. Qxg4 h5 20. Qf3 Qc6 21. Qe2 d5 22. Nd2 e5 23. Nf3 Bg4 24. h3 Bxf3 25. Qxf3 e4 26. Qe2 f5 27. Bf4 Kf7 28. Rd1 Bf6 29. Rxd5 Kg6 30. c4 Rad8 31. Rxd8 Rxd8 32. b3 h4 33. Bd1 Kg7 34. Bc2 Qd7 35. Qh5 Rh8 36. Qe2 Qd4 37. a4 Be5 38. Bxe5+ Qxe5 39. Qd1 Qf6 40. Qd7+ Kg6 41. Bd1 Rd8 42. Qxb7 Rxd1+ 43. Kh2 Qd6+ 44. g3 hxg3+ 45. Kg2 Rd2 46. Qc8 Rxf2+ 47. Kg1 Qd1# 0-1


[Site "https://www.chess.com"]

[Event "Titled Tuesday Blitz December 06 Early 2022"]
[White "Andreikin, Dmitry"]
[Black "Pakleza, Zbigniew"]
[WhiteFideId "4158814"]
[BlackFideId "1119290"]
[WhiteElo "2735"]
[BlackElo "2410"]
[Result "1/2-1/2"]
[Round "03"]
[TimeControl "180+1"]
[Date "2022.12.06"]
[WhiteClock "0:00:16"]
[BlackClock "0:00:30"]

1. d4 d5 2. Nf3 c6 3. Bg5 h6 4. Bh4 Bf5 5. Nbd2 Nd7 6. e3 Ngf6 7. c4 e6 8. Be2 Be7 9. O-O O-O 10. Qb3 Qb6 11. Rfc1 Rfe8 12. Bg3 Ne4 13. Nxe4 Bxe4 14. Ne5 Nxe5 15. Bxe5 Rac8 16. h3 Qxb3 17. axb3 a6 18. c5 Bd8 19. b4 Bc7 20. Bxc7 Rxc7 21. f3 Bg6 22. Kf2 e5 23. Rc3 exd4 24. exd4 Rce7 25. Bf1 Kf8 26. h4 f6 27. g3 Bf5 28. Rd1 g5 29. Ra3 Kg7 30. Rc3 Kf8 31. Ra1 Kg7 32. Raa3 Re1 33. Re3 R8xe3 34. Rxe3 Rb1 35. Re7+ Kf8 36. Rxb7 Rxb2+ 37. Ke3 Rb3+ 38. Kf2 Rb2+ 39. Ke3 Rb3+ 40. Kf2 Rb2+ 1/2-1/2


[Site "https://www.chess.com"]

[Event "Titled Tuesday Blitz December 06 Early 2022"]
[White "Aravindh, Chithambaram VR."]
[Black "Barria Zuniga, Daniel"]
[WhiteFideId "5072786"]
[BlackFideId "3400816"]
[WhiteElo "2586"]
[BlackElo "2414"]
[Result "1-0"]
[Round "03"]
[TimeControl "180+1"]
[Date "2022.12.06"]
[WhiteClock "0:00:03"]
[BlackClock "0:00:01"]

1. e4 c5 2. Nf3 Nc6 3. d4 cxd4 4. Nxd4 e6 5. Nc3 Qc7 6. Be2 a6 7. Nxc6 dxc6 8. O-O e5 9. f4 Bd6 10. f5 Nf6 11. Be3 b5 12. Bf3 Bb7 13. a4 O-O 14. g4 Nd7 15. g5 Bc5 16. Qe1 Qb6 17. Bf2 Rfd8 18. Kh1 Bxf2 19. Rxf2 Qc5 20. Rg2 Nf8 21. Nd1 Rd6 22. Ne3 Rad8 23. h4 Bc8 24. Kh2 Rd4 25. Ng4 Rxa4 26. Rxa4 bxa4 27. Qg3 a3 28. bxa3 Qxa3 29. Nxe5 Qd6 30. Nc4 Qxg3+ 31. Kxg3 Rd4 32. Na5 Bd7 33. Nb3 Rc4 34. Rd2 Rc3 35. Kf4 c5 36. e5 Rc4+ 37. Kg3 Bxf5 38. Rd8 Bxc2 39. Na5 Rc3 40. Nc6 g6 41. Kf2 1-0


[Site "https://www.chess.com"]

[Event "Titled Tuesday Blitz December 06 Early 2022"]
[White "Artemenko, Oleg"]
[Black "Kollars, Dmitrij"]
[WhiteFideId "14201798"]
[BlackFideId "12909572"]
[WhiteElo "2287"]
[BlackElo "2584"]
[Result "1-0"]
[Round "03"]
[TimeControl "180+1"]
[Date "2022.12.06"]
[WhiteClock "0:00:13"]
[BlackClock "0:00:01"]

1. d4 Nf6 2. Nc3 d5 3. Bf4 c5 4. e4 Nxe4 5. Nxe4 dxe4 6. dxc5 Qa5+ 7. c3 Qxc5 8. Qa4+ Nc6 9. Qxe4 g6 10. Nf3 Bg7 11. Qe3 Qxe3+ 12. Bxe3 O-O 13. O-O-O Be6 14. Kb1 Rfd8 15. Be2 h6 16. h4 Bg4 17. Kc2 e5 18. Rxd8+ Rxd8 19. Rd1 Rc8 20. Kd2 f5 21. Ng1 Bxe2 22. Kxe2 Rc7 23. f3 Kf7 24. g4 Ke6 25. Nh3 b6 26. Nf2 h5 27. Nh3 Bf6 28. Ng5+ Bxg5 29. Bxg5 b5 30. gxh5 gxh5 31. Rd3 b4 32. Kd2 a5 33. b3 Ra7 34. c4 a4 35. Be3 axb3 36. axb3 Ra2+ 37. Ke1 Rh2 38. Bc5 Nd4 39. Bxd4 exd4 40. Rxd4 Ke5 41. Rd2 Rxh4 42. Rd8 Rh2 43. Kd1 h4 44. c5 1-0


[Site "https://www.chess.com"]

[Event "Titled Tuesday Blitz December 06 Early 2022"]
[White "Atakishiyev, Elmar"]
[Black "Lenderman, Aleksandr"]
[WhiteFideId "13410547"]
[BlackFideId "2021285"]
[WhiteElo "2193"]
[BlackElo "2607"]
[Result "0-1"]
[Round "03"]
[TimeControl "180+1"]
[Date "2022.12.06"]
[WhiteClock "0:00:05"]
[BlackClock "0:01:11"]

1. d4 e6 2. Nf3 c5 3. g3 b6 4. Bg2 Bb7 5. c4 cxd4 6. Qxd4 Nc6 7. Qd1 Ne5 8. Nbd2 Nf6 9. O-O Ng6 10. b3 Bc5 11. Bb2 O-O 12. a3 a5 13. Qc2 Qe7 14. Rfd1 e5 15. e3 d5 16. cxd5 Bxd5 17. Nc4 Be4 18. Qe2 Nd7 19. Nfxe5 Ndxe5 20. Bxe4 Rae8 21. Nxe5 Nxe5 22. Bg2 f5 23. Rd5 Ng4 24. h3 Nxf2 25. Kxf2 f4 26. gxf4 Bxe3+ 27. Kf1 Rxf4+ 28. Bf3 Ref8 29. Kg2 Rxf3 30. Qxf3 Rxf3 31. Kxf3 Bc5 32. Re5 Qf7+ 33. Ke4 Qxb3 34. Rxc5 bxc5 35. Be5 Qc4+ 36. Ke3 Qe6 37. Ke4 Qxh3 38. Rg1 Qd7 39. Rg3 h5 40. Rg5 Qf7 41. Rf5 Qg6 42. Kf4 Qg4+ 0-1


[Site "https://www.chess.com"]

[Event "Titled Tuesday Blitz December 06 Early 2022"]
[White "Bambino Filho, Antonio Carlos"]
[Black "Lakshmi C"]
[WhiteFideId "2113163"]
[BlackFideId "25035347"]
[WhiteElo "2421"]
[BlackElo "1942"]
[Result "0-1"]
[Round "03"]
[TimeControl "180+1"]
[Date "2022.12.07"]
[WhiteClock "0:01:51"]
[BlackClock "0:00:15"]

1. d4 Nf6 2. c4 e6 3. Nc3 Bb4 4. Qc2 O-O 5. e4 d5 6. e5 Nfd7 7. Bd3 g6 8. Bh6 Re8 9. h4 c5 10. h5 f5 11. exf6 e5 12. Bxg6 exd4+ 13. Kf1 Nxf6 14. Nxd5 Nxd5 15. Bxh7+ Kh8 16. cxd5 Qe7 17. Qg6 Qe1+ 0-1


[Site "https://www.chess.com"]

[Event "Titled Tuesday Blitz December 06 Early 2022"]
[White "Bashirli, Saadat"]
[Black "Rodchenkov, Sergey D."]
[WhiteFideId "13429990"]
[BlackFideId "4168712"]
[WhiteElo "1408"]
[BlackElo "2277"]
[Result "0-1"]
[Round "03"]
[TimeControl "180+1"]
[Date "2022.12.07"]
[WhiteClock "0:00:50"]
[BlackClock "0:01:28"]

1. d4 d5 2. c4 dxc4 3. Nf3 Nf6 4. e3 a6 5. Bxc4 e6 6. Nc3 b5 7. Bd3 Bb7 8. O-O Nbd7 9. Re1 c5 10. e4 cxd4 11. Nxd4 Bc5 12. Bc2 O-O 13. Bg5 h6 14. Bh4 Ne5 15. Nb3 Bd6 16. Qd2 Qe7 17. Rad1 Rad8 18. Qe2 Ng6 19. Bg3 Bxg3 20. hxg3 Nd7 21. Nd4 Nb6 22. e5 Kh7 23. Qe4 Bxe4 24. Bxe4 Nc4 25. Kh2 Qc5 26. Nb3 Rxd1 27. Nxc5 Rxe1 28. Nxa6 Nxb2 29. Bxg6+ fxg6 30. Nxb5 Rxf2 31. Nd4 Nd3 32. Nxe6 Ree2 33. Nac7 Rxg2+ 34. Kh3 Rh2+ 35. Kg4 Nxe5+ 36. Kf4 Nd3+ 37. Kf3 Rhf2+ 38. Kg4 h5+ 39. Kh4 Rh2+ 40. Kg5 Re5# 0-1


[Site "https://www.chess.com"]

[Event "Titled Tuesday Blitz December 06 Early 2022"]
[White "Bazarov, Konstantin"]
[Black "Tsatsalashvili, Keti"]
[WhiteFideId "4137000"]
[BlackFideId "13603434"]
[WhiteElo "2228"]
[BlackElo "2220"]
[Result "1/2-1/2"]
[Round "03"]
[TimeControl "180+1"]
[Date "2022.12.07"]
[WhiteClock "0:00:28"]
[BlackClock "0:00:31"]

1. Nf3 Nf6 2. c4 e6 3. Nc3 d5 4. d4 Bb4 5. Qa4+ Nc6 6. e3 O-O 7. Bd2 Bd7 8. Qc2 Bxc3 9. Bxc3 Ne4 10. Bd3 Nxc3 11. bxc3 h6 12. Rb1 Na5 13. c5 b6 14. cxb6 axb6 15. O-O f6 16. Bh7+ Kh8 17. Bd3 Qe7 18. Nh4 Be8 19. Bg6 f5 20. g3 Nc4 21. Ra1 Ra3 22. Rfc1 Ba4 23. Qe2 Qg5 24. Bh5 Ra8 25. Bf7 Bd7 26. Ng6+ Kh7 27. Nf4 Qf6 28. Bg6+ Kh8 29. h4 Nd6 30. f3 Bb5 31. Qb2 Bc4 32. e4 fxe4 33. fxe4 Nxe4 34. Bxe4 dxe4 35. Qg2 Bd5 36. Qh3 Rxa2 37. Rxa2 Rxa2 38. Re1 e3 39. Rxe3 Ra1+ 40. Kf2 Ra2+ 41. Ke1 Ra1+ 42. Kd2 Ra2+ 43. Ke1 Ra1+ 44. Ke2 Ra2+ 45. Ke1 1/2-1/2


[Site "https://www.chess.com"]

[Event "Titled Tuesday Blitz December 06 Early 2022"]
[White "Belozerov, Andrei"]
[Black "Bychkov, Vladimir"]
[WhiteFideId "4120213"]
[BlackFideId "24151513"]
[WhiteElo "2360"]
[BlackElo "2197"]
[Result "1-0"]
[Round "03"]
[TimeControl "180+1"]
[Date "2022.12.07"]
[WhiteClock "0:00:32"]
[BlackClock "0:00:46"]

1. e4 c5 2. Nf3 Nc6 3. Bb5 g6 4. O-O Bg7 5. Re1 Nf6 6. e5 Nd5 7. Nc3 Nc7 8. Bxc6 dxc6 9. h3 O-O 10. d3 b6 11. a4 Nd5 12. Ne4 Bf5 13. Ng3 Be6 14. Ng5 Qd7 15. Bd2 Rfd8 16. b3 a5 17. Qf3 Nb4 18. Bxb4 cxb4 19. Nxe6 Qxe6 20. Re4 b5 21. Qe2 Qd5 22. f4 f5 23. exf6 Bxf6 24. Rf1 bxa4 25. bxa4 b3 26. cxb3 Qxd3 27. Rf3 Qxe2 28. Rxe2 Rab8 29. Ne4 Rd1+ 30. Kf2 Rb1 31. Nxf6+ exf6 32. Re6 R1xb3 33. Rxf6 Rxf3+ 34. Kxf3 Rb4 35. Rxc6 Rxa4 36. Ra6 Ra1 37. Kg4 a4 38. Kg5 Kf7 39. Ra7+ Ke6 40. Rxh7 a3 41. Ra7 a2 42. g4 Kd5 43. Ra4 Kc5 44. h4 Kb5 45. Ra8 Kb4 46. Kxg6 Rg1 47. Rxa2 Rxg4+ 48. Kf5 Rxh4 49. Rc2 Rh8 50. Ke6 Re8+ 51. Kf7 1-0


[Site "https://www.chess.com"]

[Event "Titled Tuesday Blitz December 06 Early 2022"]
[White "Berezin, Viktor"]
[Black "Gormally, Daniel W"]
[WhiteFideId "14107872"]
[BlackFideId "406465"]
[WhiteElo "2310"]
[BlackElo "2553"]
[Result "0-1"]
[Round "03"]
[TimeControl "180+1"]
[Date "2022.12.07"]
[WhiteClock "0:02:05"]
[BlackClock "0:01:54"]

1. d4 Nf6 2. Nf3 g6 3. g3 Bg7 4. Bg2 O-O 5. O-O d6 6. a4 c6 7. Nc3 a5 8. e4 Bg4 9. h3 Bxf3 10. Bxf3 Nbd7 11. Bg2 e5 12. Be3 Re8 13. Re1 Qc7 14. Qe2 exd4 15. Bxd4 Nc5 16. Rad1 Ne6 17. Be3 Rad8 18. Kh2 h5 19. f4 h4 20. g4 d5 21. e5 d4 22. exf6 Nxf4 23. Kh1 Nxe2 0-1


[Site "https://www.chess.com"]

[Event "Titled Tuesday Blitz December 06 Early 2022"]
[White "Bochnicka, Vladimir"]
[Black "Han, Yichen"]
[WhiteFideId "14943450"]
[BlackFideId "1054430"]
[WhiteElo "2239"]
[BlackElo "2323"]
[Result "0-1"]
[Round "03"]
[TimeControl "180+1"]
[Date "2022.12.07"]
[WhiteClock "0:00:05"]
[BlackClock "0:00:05"]

1. e4 g6 2. d4 Bg7 3. Nf3 c6 4. Nc3 d5 5. e5 f6 6. Bf4 Bg4 7. Be2 Nd7 8. exf6 Ngxf6 9. O-O O-O 10. Bg3 Qb6 11. Ne5 Bxe2 12. Qxe2 Nxe5 13. Qxe5 Qxb2 14. Na4 Qxc2 15. Nc5 Ne4 16. Qe6+ Kh8 17. Nd7 Nxg3 18. hxg3 Rfe8 19. Ne5 Bxe5 20. Qxe5+ Kg8 21. Qe6+ Kg7 22. Qe5+ Kf7 23. Rab1 Rab8 24. Rb3 Qe4 25. Qg5 Kg8 26. Rd1 Rf8 27. Re3 Qc2 28. Rf1 Qf5 29. Qxe7 Qf6 30. Qc7 Qd8 31. Qe5 Re8 32. Qf4 Qd7 33. Rfe1 Rxe3 34. Qxe3 Rf8 35. Qg5 Qf5 36. Qxf5 Rxf5 37. Re7 Rf7 38. Re8+ Kg7 39. Ra8 a6 40. Kf1 Kf6 41. Ke2 Re7+ 42. Kd3 Ke6 43. Ke3 Kd6+ 44. Kf4 Re2 45. Kg5 Rxf2 46. Kh6 Rxg2 47. Kxh7 Rxg3 48. Rb8 Kc7 49. Rg8 Rg2 50. Kg7 Rxa2 51. Kf6 Rf2+ 52. Ke5 Rg2 53. Rg7+ Kb6 54. Kd6 a5 55. Rc7 a4 56. Rc8 a3 57. Ra8 a2 58. Kd7 Kb5 59. Kc7 b6 60. Kb7 g5 61. Ra6 Kc4 62. Kxb6 Kxd4 63. Kxc6 g4 64. Ra4+ Ke5 65. Kc5 g3 66. Kc6 Rc2+ 67. Kd7 g2 0-1


[Site "https://www.chess.com"]

[Event "Titled Tuesday Blitz December 06 Early 2022"]
[White "Bok, Benjamin"]
[Black "Postnikov, Daniil"]
[WhiteFideId "1017063"]
[BlackFideId "4166329"]
[WhiteElo "2658"]
[BlackElo "2261"]
[Result "0-1"]
[Round "03"]
[TimeControl "180+1"]
[Date "2022.12.07"]
[WhiteClock "0:00:04"]
[BlackClock "0:00:13"]

1. d4 f5 2. g3 Nf6 3. Bg2 g6 4. Nf3 Bg7 5. O-O O-O 6. c4 d6 7. Nc3 Qe8 8. Re1 Qf7 9. b3 Ne4 10. Bb2 Nc6 11. e3 e5 12. dxe5 Nxe5 13. Nxe5 Bxe5 14. Qc2 Qg7 15. Rac1 Bd7 16. Nd1 Bc6 17. Bxe5 Qxe5 18. Nb2 b6 19. Nd3 Qe6 20. Nf4 Qf7 21. Nd5 Rae8 22. Red1 a5 23. Rd4 Nc5 24. a3 a4 25. b4 Nb3 26. Ne7+ Qxe7 27. Bxc6 Nxd4 28. exd4 Rd8 29. Qd2 f4 30. Re1 Qf6 31. Qxf4 Qxf4 32. gxf4 Kg7 33. Kg2 Rxf4 34. Re7+ Rf7 35. Re4 Rdf8 36. Re2 Rf4 37. Rd2 h5 38. f3 R4f7 39. Kg3 Kf6 40. Rd3 Re7 41. Bxa4 g5 42. Bc6 Kf5 43. h3 h4+ 44. Kf2 Kf4 45. d5 Re5 46. a4 Rf7 47. a5 bxa5 48. bxa5 Rfe7 49. Rd4+ Kf5 50. Rd2 Re3 51. Ra2 Kf4 52. a6 Rxf3+ 53. Kg2 Rg3+ 54. Kh2 Ree3 55. a7 Rxh3+ 56. Kg2 Reg3+ 57. Kf1 Rh1+ 58. Ke2 Rh2+ 0-1


[Site "https://www.chess.com"]

[Event "Titled Tuesday Blitz December 06 Early 2022"]
[White "Borgaonkar Akshay"]
[Black "Korobov, Anton"]
[WhiteFideId "25639110"]
[BlackFideId "14105730"]
[WhiteElo "2063"]
[BlackElo "2635"]
[Result "0-1"]
[Round "03"]
[TimeControl "180+1"]
[Date "2022.12.07"]
[WhiteClock "0:00:03"]
[BlackClock "0:01:03"]

1. d4 Nf6 2. Bg5 e6 3. e4 h6 4. Bxf6 Qxf6 5. c3 d6 6. Nd2 e5 7. Ngf3 Be7 8. Bc4 O-O 9. O-O Nc6 10. d5 Nb8 11. h3 a5 12. Nh2 Qg6 13. Kh1 f5 14. exf5 Bxf5 15. Qe2 Nd7 16. f4 Qg3 17. Rf3 Qh4 18. g3 Qf6 19. g4 Bh7 20. fxe5 Qh4 21. exd6 Bxd6 22. Qe6+ Kh8 23. Qxd7 Rxf3 24. Ndxf3 Be4 25. g5 Qf2 26. Qxd6 Bxf3+ 0-1


[Site "https://www.chess.com"]

[Event "Titled Tuesday Blitz December 06 Early 2022"]
[White "Bortnyk, Olexandr"]
[Black "Acor, Corey"]
[WhiteFideId "14120828"]
[BlackFideId "2024861"]
[WhiteElo "2723"]
[BlackElo "2341"]
[Result "1-0"]
[Round "03"]
[TimeControl "180+1"]
[Date "2022.12.06"]
[WhiteClock "0:00:24"]
[BlackClock "0:00:03"]

1. e4 e5 2. Nf3 Nc6 3. Bb5 Nge7 4. d3 d6 5. Nbd2 Bd7 6. Ba4 g6 7. h4 h6 8. c3 Bg7 9. Nf1 f5 10. Bb3 Na5 11. Ng3 Nxb3 12. Qxb3 Qc8 13. Bd2 Be6 14. Qc2 Qd7 15. d4 fxe4 16. Qxe4 d5 17. Qe2 e4 18. Ne5 Bxe5 19. dxe5 Nc6 20. f4 Bg4 21. Qb5 h5 22. Be3 Nxe5 23. Qxd7+ Nxd7 24. O-O O-O 25. Rf2 c5 26. Rd2 Be6 27. Rad1 b6 28. f5 gxf5 29. Nxh5 Bf7 30. Ng3 Ne5 31. Nxf5 Bh5 32. Rf1 Rad8 33. Bg5 Rd7 34. Rxd5 Rxf5 35. Rxf5 Rxd5 36. c4 Nf3+ 37. Rxf3 exf3 38. cxd5 fxg2 39. Kxg2 Bf7 40. d6 Be6 41. h5 Kf7 42. h6 Kg6 43. Kg3 1-0


[Site "https://www.chess.com"]

[Event "Titled Tuesday Blitz December 06 Early 2022"]
[White "Buscar, Michael"]
[Black "Tologon tegin, Semetei"]
[WhiteFideId "2603616"]
[BlackFideId "13800574"]
[WhiteElo "2010"]
[BlackElo "2264"]
[Result "1-0"]
[Round "03"]
[TimeControl "180+1"]
[Date "2022.12.07"]
[WhiteClock "0:00:17"]
[BlackClock "0:00:14"]

1. Nf3 Nf6 2. g3 b6 3. Bg2 Bb7 4. d4 g6 5. c4 Bg7 6. Nc3 O-O 7. O-O c5 8. d5 e6 9. Nd2 exd5 10. cxd5 d6 11. a4 Na6 12. Nc4 Nb4 13. Bf4 Ne8 14. Nb5 a6 15. Nbxd6 Nxd6 16. Nxd6 Ra7 17. Nxb7 Rxb7 18. Qd2 Rd7 19. e4 f5 20. d6 fxe4 21. Bxe4 Bd4 22. Rad1 Qf6 23. Bg2 Bxb2 24. Bh3 Rdf7 25. Bg5 Qd4 26. Be6 Kh8 27. Bxf7 Rxf7 28. Rfe1 Bc3 29. Qxd4+ Bxd4 30. Be3 Nc6 31. Bxd4+ Nxd4 32. Re7 Kg8 33. Rxf7 Kxf7 34. Rb1 b5 35. axb5 axb5 36. Ra1 Ke6 37. Ra6 b4 38. Kf1 b3 39. Rb6 c4 40. Ke1 c3 41. Kd1 c2+ 42. Kd2 Kd7 43. Rb4 Nf3+ 44. Kc1 Kxd6 45. Rxb3 Nxh2 46. Kxc2 Ng4 47. f3 Ne5 48. Kd2 Ke6 49. Ke3 Kf6 50. Rb6+ Kf5 51. Rb5 Kf6 52. g4 Nc4+ 53. Kf4 h6 54. Rc5 Nd6 55. Rc6 Ke7 56. Ra6 Ke6 57. g5 h5 58. Kg3 Ke5 59. f4+ Ke6 60. Rb6 Kd5 61. Ra6 Ke6 62. Kf3 Kd5 63. Ke3 Ke6 64. Kd4 Ke7 65. Kd5 Nf5 66. Rxg6 h4 67. Ke4 Nd6+ 68. Kf3 h3 69. Rxd6 h2 70. Kg2 Kxd6 71. Kxh2 Ke6 72. Kg3 Kf5 73. Kf3 Kg6 74. Kg4 Kg7 75. f5 Kf7 76. g6+ Kg7 77. Kf4 Kf6 78. Ke4 Kg5 79. Ke5 Kh6 80. Ke6 Kg7 81. Ke7 Kg8 82. f6 Kh8 83. f7 Kg7 84. f8=Q+ Kxg6 85. Qf6+ Kh5 86. Ke6 Kg4 87. Qf5+ Kh4 88. Ke5 Kg3 89. Qf4+ Kh3 90. Qg5 Kh2 91. Kf4 Kh1 92. Kf3 Kh2 93. Qg2# 1-0


[Site "https://www.chess.com"]

[Event "Titled Tuesday Blitz December 06 Early 2022"]
[White "Carrasco Miranda, Andres"]
[Black "Flis, Pawel"]
[WhiteFideId "3405990"]
[BlackFideId "1112864"]
[WhiteElo "2183"]
[BlackElo "1817"]
[Result "1-0"]
[Round "03"]
[TimeControl "180+1"]
[Date "2022.12.07"]
[WhiteClock "0:01:32"]
[BlackClock "0:00:01"]

1. d4 c5 2. d5 Nf6 3. c4 b5 4. cxb5 a6 5. bxa6 Bxa6 6. Nc3 g6 7. e4 Bxf1 8. Kxf1 d6 9. g3 Bg7 10. Kg2 O-O 11. Nf3 Nbd7 12. a4 Ra6 13. Ra3 Qa8 14. Re1 e6 15. dxe6 fxe6 16. Kg1 d5 17. exd5 exd5 18. Re7 d4 19. Nb5 Ng4 20. Nc7 Qd8 21. Rxg7+ Kxg7 22. Qe2 Qxc7 23. Qxa6 Nde5 24. Bf4 Nxf3+ 25. Rxf3 Qe7 26. Kg2 h5 27. Bd6 Qe8 28. Bxf8+ Qxf8 29. Rxf8 Kxf8 30. Qxg6 d3 31. Qxd3 1-0


[Site "https://www.chess.com"]

[Event "Titled Tuesday Blitz December 06 Early 2022"]
[White "Caruana, Fabiano"]
[Black "Wong, Yinn Long"]
[WhiteFideId "2020009"]
[BlackFideId "5707684"]
[WhiteElo "2847"]
[BlackElo "2271"]
[Result "1-0"]
[Round "03"]
[TimeControl "180+1"]
[Date "2022.12.06"]
[WhiteClock "0:01:44"]
[BlackClock "0:01:35"]

1. d4 Nf6 2. c4 e6 3. g4 Nxg4 4. e4 f5 5. Nc3 Bb4 6. e5 c5 7. a3 Qh4 8. Qe2 cxd4 9. axb4 dxc3 10. bxc3 Nc6 11. Nf3 Qh5 12. Bg2 Ngxe5 13. b5 Nxf3+ 14. Bxf3 Qh4 15. bxc6 bxc6 16. Ba3 Rb8 17. Bb4 g5 18. O-O g4 19. Bg2 a6 20. Qe5 1-0


[Site "https://www.chess.com"]

[Event "Titled Tuesday Blitz December 06 Early 2022"]
[White "Clawitter, Craig"]
[Black "Fiedorek, Michal"]
[WhiteFideId "2023105"]
[BlackFideId "1199528"]
[WhiteElo "2178"]
[BlackElo "2201"]
[Result "0-1"]
[Round "03"]
[TimeControl "180+1"]
[Date "2022.12.07"]
[WhiteClock "0:00:08"]
[BlackClock "0:00:24"]

1. e4 c6 2. Nf3 d5 3. e5 Bg4 4. d4 c5 5. dxc5 e6 6. c3 Nc6 7. Bb5 Qc7 8. Nbd2 Bxc5 9. O-O Ne7 10. Qa4 Bxf3 11. Nxf3 O-O 12. Qg4 Ng6 13. Bxc6 bxc6 14. b4 Be7 15. Re1 a5 16. h4 Rfb8 17. h5 Nf8 18. Bh6 g6 19. Bg5 axb4 20. Bf6 bxc3 21. Qg5 Bxf6 22. exf6 Qd8 23. Ne5 Rb6 24. Re3 h6 25. Qxh6 Qxf6 26. Nd7 Nxd7 27. hxg6 fxg6 28. Rf3 Qg7 0-1


[Site "https://www.chess.com"]